 Dungeon Crawl Stone Soup version 0.24-a0-618-ge4662a2 (webtiles) character file.

Game seed: 5004226388326041169, levelgen mode: deterministic

791 BoppinsLewinski the Chopper (level 8, -1/55 HPs)
             Began as a Halfling Fighter on Sept 15, 2019.
             Killed by nerve-wracking pain
             ... invoked by Grinder
              (14 damage)
             ... on level 5 of the Dungeon.
             The game lasted 00:09:56 (4689 turns).

BoppinsLewinski the Chopper (Halfling Fighter)      Turns: 4689, Time: 00:09:57

Health: -1/55      AC:  9    Str: 19      XL:     8   Next: 12%
Magic:  8/8        EV: 11    Int:  5 (6)  God:
Gold:   192        SH: 10    Dex: 18 (19) Spells: 7/7 levels left

rFire    . . .     SeeInvis .   a - +0 war axe
rCold    . . .     Gourm    .   c - +0 shield
rNeg     . . .     Faith    .   l - +0 chain mail
rPois    .         Spirit   .   (no helmet)
rElec    .         Reflect  .   (no cloak)
rCorr    +         Harm     .   (no gloves)
MR       .....                  (no boots)
Stlth    ..........             (no amulet)
HPRegen  0.18/turn              p - ring of resist corrosion
MPRegen  0.11/turn              (no ring)

@: agile, berserk cooldown, slowed, very slow
A: small, deterioration 1, mutation resistance 1
a: no special abilities


You were on level 5 of the Dungeon.
You were hungry.

You visited 1 branch of the dungeon, and saw 5 of its levels.

You collected 192 gold pieces.

Inventory:

Hand Weapons
 a - a +0 war axe (weapon)
 b - a +0 dagger
Armour
 c - a +0 shield (worn)
 l - a +0 chain mail (worn)
Jewellery
 e - an uncursed ring of magical power {unknown}
 p - a ring of resist corrosion (left hand)
 r - an uncursed amulet of the gourmand {unknown}
Wands
 d - a wand of digging (3)
 u - a wand of random effects (12)
Scrolls
 m - 2 scrolls of remove curse
 n - 4 scrolls of noise {unknown}
 o - 3 scrolls of teleportation {unknown}
 s - 3 scrolls of amnesia {unknown}
 t - 2 scrolls of enchant weapon {unknown}
 v - a scroll of fear {unknown}
Potions
 j - a potion of curing
Comestibles
 f - 9 rations
 g - 5 chunks of flesh


   Skills:
 + Level 5.2 Fighting
 * Level 7.2 Axes
 - Level 3.2 Armour
 - Level 3.2 Shields


You had 7 spell levels left.
You didn't know any spells.
Your spell library was empty.

Dungeon Overview and Level Annotations

Branches:
Dungeon (5/15)
 Temple: D:4-7

Altars:
Hepliaklqana
Nemelex Xobeh
Qazlal
Uskayaw
Vehumet

Annotations:
D:5 Grinder


Innate Abilities, Weirdness & Mutations

You are small and have problems with some larger weapons.
You are somewhat resistant to further mutation.
Your body sometimes deteriorates upon taking damage.


Message History

Yer shield an' chain mail prevent ye from hittin' Grinder.
Tha gnoll closely misses ye.
Grinder closely misses ye.
Tha gnoll misses ye.
Ye block tha gnoll's attack.
Grinder hits ye but does nay damage.
Tha gnoll hits ye wit' a +0 halberd.
* * * LOW HITPOINT WARNIN'
* * * Unknown command.
Ye closely miss Grinder.
Grinder be heavily wounded.
Yer chain mail prevents ye from hittin' tha gnoll.
Tha gnoll hits ye from afar wit' a +0 spear.
* * * LOW HITPOINT WARNIN'
* * * Grinder gestures at ye.
Ye struggle ta resist.
Tha gnoll barely misses ye.
Ye block Grinder's attack.
Tha gnoll hits ye but does nay damage.
As ye read tha scroll labeled CODINK SY UCED, it crumbles ta dust.
Ye feel blessed fer a momn't.
It was a scroll o' remove curse.
Ye block tha gnoll's attack.
Tha gnoll hits ye but does nay damage.
Grinder gestures at ye.
Pain shoots through yer body!
Ye die...

............####..#.##
#.# ............# #.>..#
#.# ............# #.##.#
#.# .........# #.##.# #.#
..#.####.##.#####.#####.
?............)..........
..###...))........###...#
......g.).....##### .#
..###.##@##?#.#
......5g.......
.......###...### ......#.
#...# ####..#. #..$# #.
#. #..... # #. ##..## #.


You could see Grinder and 2 gnolls.

Vanquished Creatures
  A sky beast (D:5)
  An ogre (D:4)
  A bullfrog zombie (D:5)
  A hound (D:5)
  A centaur skeleton (D:4)
  2 orc priests
  A gnoll shaman (D:5)
  An iguana (D:3)
  5 orc wizards
  3 worker ants
  3 gnolls (D:5)
  4 adders
  A shadow imp (D:5)
  2 worms
  2 dart slugs
  6 leopard geckos
  21 orcs
  5 giant cockroaches
  10 goblins
  6 hobgoblins
  7 jackals (D:1)
  7 kobolds
  2 quokkas (D:3)
  10 bats
  5 frilled lizards
  6 rats
114 creatures vanquished.

Notes
Turn   | Place    | Note
-------+----------+-------------------------------------------
     0 | D:1      | BoppinsLewinski the Halfling Fighter began the quest for
                  | the Orb.
     0 | D:1      | Reached XP level 1. HP: 15/15 MP: 1/1
    13 | D:1      | Reached XP level 2. HP: 10/20 MP: 2/2
   766 | D:1      | Reached XP level 3. HP: 21/26 MP: 3/3
   767 | D:1      | Reached skill level 3 in Axes
  1261 | D:2      | Found a faded altar of an unknown god.
  1353 | D:2      | Found a radiant altar of Vehumet.
  1354 | D:2      | Found a hide-covered altar of Uskayaw.
  1354 | D:2      | Found a sparkling altar of Nemelex Xobeh.
  1355 | D:2      | Found a stormy altar of Qazlal.
  1614 | D:3      | Reached XP level 4. HP: 26/31 MP: 4/4
  1824 | D:3      | Reached skill level 4 in Axes
  1825 | D:3      | Reached XP level 5. HP: 20/36 MP: 5/5
  2691 | D:4      | Reached XP level 6. HP: 24/43 MP: 6/6
  2697 | D:3      | Reached skill level 5 in Axes
  3521 | D:4      | Found a hazy altar of Hepliaklqana.
  3650 | D:4      | Noticed an ogre
  3665 | D:4      | Killed an ogre
  3665 | D:4      | Reached XP level 7. HP: 20/49 MP: 7/7
  3986 | D:5      | Entered Level 5 of the Dungeon
  4030 | D:5      | Reached skill level 6 in Axes
  4475 | D:5      | Reached skill level 5 in Fighting
  4659 | D:5      | Noticed Grinder
  4662 | D:5      | Paralysed by Grinder for 2 turns
  4664 | D:5      | Gained mutation: Your body sometimes deteriorates upon
                  | taking damage. [potion of mutation]
  4668 | D:5      | Reached skill level 7 in Axes
  4668 | D:5      | Reached XP level 8. HP: 37/55 MP: 8/8
  4682 | D:5      | Paralysed by Grinder for 4 turns
  4689 | D:5      | Killed from afar by Grinder

Levels and vault maps discovered:
D:1:      lightli_arrival_statuegarden, layout_basic
D:2:      layout_rooms, chequers_temple_overflow_statue_of_worship,
          chequers_ecumenical_altar_simple
D:3:      layout_basic, first_ration
D:4:      layout_rooms, kennysheep_mini
D:5:      layout_basic, minmay_temple_entry_enclosed_plants, uniq_grinder

Skill      XL: |  1  2  3  4  5  6  7 |
---------------+----------------------+-----
Fighting       | 3 4 5 |  5.2
Axes           | 3 4 5 7 |  7.2
Armour         | |  3.2
Shields        | |  3.2

Action                   |  1- 3 |  4- 6 |  7- 9 || total
-------------------------+-------+-------+-------++-------
Melee: War axe           |   130 |   171 |   136 ||   437
  Use: Potion            |       |     5 |     7 ||    12
       Scroll            |       |       |     5 ||     5
 Stab: Invisible         |       |       |     2 ||     2
  Eat: Chunk             |     2 |     4 |     3 ||     9
       Ration            |       |     1 |       ||     1
Armor: Scale mail        |    43 |       |       ||    43
       Chain mail        |    35 |   109 |    67 ||   211
Dodge: Dodged            |    47 |    68 |    38 ||   153
Block: Shield            |    72 |   103 |    84 ||   259

Table legend:
 A = Non-vault XP
 B = Vault XP
 C = Vault XP percentage of total XP
 D = Non-vault monster count
 E = Vault monster count
 F = Vault count percentage of total count
                 A         B        C        D         E       F
            +---------+---------+-------+---------+---------+-------
      Total |    1131 |       0 |   0.0 |     114 |       0 |   0.0
            +---------+---------+-------+---------+---------+-------
        D:1 |      46 |       0 |   0.0 |      25 |       0 |   0.0
        D:2 |      20 |       0 |   0.0 |      11 |       0 |   0.0
        D:3 |     253 |       0 |   0.0 |      39 |       0 |   0.0
        D:4 |     257 |       0 |   0.0 |      13 |       0 |   0.0
        D:5 |     555 |       0 |   0.0 |      26 |       0 |   0.0
            +---------+---------+-------+---------+---------+-------
